 Dungeon Crawl Stone Soup version 0.23-a0-558-g30802b1 (webtiles) character file.

107 Lavandula the Cutter (level 5, 0/34 HPs)
             Began as a Halfling Enchanter on Dec 11, 2018.
             Was an Initiate of Yredelemnul.
             Slain by an orc
             ... wielding a +0 flail
              (8 damage)
             ... on level 3 of the Dungeon.
             The game lasted 00:05:55 (916 turns).

Lavandula the Cutter (Halfling Enchanter)            Turns: 916, Time: 00:05:56

Health: 0/34       AC:  2    Str:  9    XL:     5   Next: 10%
Magic:  5/7        EV: 15    Int: 14    God:    Yredelemnul [......]
Gold:   32         SH:  0    Dex: 15    Spells: 4/7 levels left

rFire    . . .     SeeInvis .   a - +1 dagger
rCold    . . .     Gourm    .   (shield restricted)
rNeg     . . .     Faith    .   b - +0 robe
rPois    .         Spirit   .   (no helmet)
rElec    .         Reflect  .   (no cloak)
rCorr    .         Harm     .   (no gloves)
MR       .....                  (no boots)
Stlth    ++........             (no amulet)
HPRegen  0.11/turn              (no ring)
MPRegen  0.10/turn              (no ring)

@: very slightly contaminated
A: small, mutation resistance 1
a: Renounce Religion


You were on level 3 of the Dungeon.
You worshipped Yredelemnul.
Yredelemnul was noncommittal.
You were very hungry.

You visited 2 branches of the dungeon, and saw 5 of its levels.

You collected 32 gold pieces.

Inventory:

Hand Weapons
 a - a +1 dagger (weapon)
Missiles
 i - 24 sling bullets
 j - 2 throwing nets (quivered)
Armour
 b - a +0 robe (worn)
Scrolls
 c - 2 scrolls of identify {unknown}
 f - a scroll of amnesia {unknown}
 k - a scroll of enchant armour {unknown}
Potions
 h - a potion of berserk rage {unknown}
 m - a potion of lignification {unknown}
Comestibles
 d - 5 rations
 l - a chunk of flesh


   Skills:
 - Level 1.7 Fighting
 + Level 4.7 Short Blades
 - Level 2.1 Dodging
 - Level 3.2 Stealth
 - Level 1.5 Spellcasting
 - Level 2.4 Hexes


You had 4 spell levels left.
You knew the following spells:

 Your Spells              Type           Power        Failure   Level  Hunger
a - Corona                Hex            #......      10%         1    ##.....
b - Ensorcelled Hibernat  Hex/Ice        #.....       22%         2    ###....

Your spell library contained the following spells:

 Spells                   Type           Power        Failure   Level  Hunger
 Confuse                  Hex            #.......     28%         3    ####...
 Tukima's Dance           Hex            #.......     28%         3    ####...
 Dazzling Spray           Conj/Hex       #.....       41%         3    ####...


Dungeon Overview and Level Annotations

Branches:
Dungeon (4/15)             Temple (1/1) D:4

Altars:
Dithmenos
Fedhas
Makhleb
Yredelemnul


Innate Abilities, Weirdness & Mutations

You are small and have problems with some larger weapons.
You are somewhat resistant to further mutation.


Message History

* * * LOW HITPOINT WARNING * * *
It was a potion of cancellation.
You feel magically purged.
Your magical contamination has completely faded away.
Okay, then.
It was a potion of magic.
Magic courses through your body. The orc completely misses you.
Unknown command.
Okay, then.
Casting: Ensorcelled Hibernation (safe; 22% risk of failure)
Confirm with . or Enter, or press ? or * to list all spells.
Aiming: Ensorcelled Hibernation (safe; 22% risk of failure)
Press: ? - help, Shift-Dir - straight line, f/p - orc
Aim: an orc, wielding a +0 flail and wearing a +0 leather armour (chance to You miscast Ensorcelled Hibernation.
You are very lightly contaminated with residual magic.
Nothing appears to happen.
You are feeling very hungry.
The orc hits you with a +0 flail!
You die...
Your body rises from the dead as a mindless zombie.

######
######.<..#
.......†o@#
###.....>.#
....#######
.##


You could see an orc.

Vanquished Creatures
  A hound (D:4)
  An orc wizard (D:4)
  3 adders (D:2)
  A worm (D:2)
  2 orcs (D:4)
  A giant cockroach (D:2)
  2 goblins (D:2)
  A hobgoblin (D:1)
  3 jackals (D:2)
  A bat (D:2)
  2 frilled lizards (D:2)
  4 kobolds
  A rat (D:2)
23 creatures vanquished.

Vanquished Creatures (others)
  A hobgoblin (D:3)
1 creature vanquished.

Grand Total: 24 creatures vanquished

Notes
Turn   | Place    | Note
-------+----------+-------------------------------------------
     0 | D:1      | Lavandula the Halfling Enchanter began the quest for the
                  | Orb.
     0 | D:1      | Reached XP level 1. HP: 11/11 MP: 3/3
   101 | D:2      | Reached skill level 1 in Fighting
   194 | D:2      | Reached XP level 2. HP: 17/18 MP: 2/4
   198 | D:2      | Learned a level 2 spell: Ensorcelled Hibernation
   519 | D:2      | Reached skill level 2 in Short Blades
   519 | D:2      | Reached XP level 3. HP: 24/24 MP: 5/5
   635 | D:2      | Found a blossoming altar of Fedhas.
   735 | D:2      | Reached skill level 3 in Short Blades
   768 | D:3      | Reached XP level 4. HP: 26/29 MP: 3/6
   776 | D:4      | Reached skill level 4 in Short Blades
   779 | D:4      | Found a staircase to the Ecumenical Temple.
   788 | D:4      | Reached XP level 5. HP: 33/34 MP: 3/7
   798 | Temple   | Entered the Ecumenical Temple
   855 | Temple   | Became a worshipper of Yredelemnul the Dark
   916 | D:3      | Slain by an orc

Vault maps used:
D:1:      psy_arrival_statuary
D:2:      tgw_fedhas, chequers_ecumenical_altar_simple_redux, first_ration
D:3:      nicolae_overflow_hidden_temple, gammafunk_temple_overflow_arena,
          lemuel_flame_loot_1
D:4:      kennysheep_slug_shrine, vehumet_altar_wand_db,
          lemuel_coloured_pillars_altar, minmay_temple_entry_butterflies,
          kennysheep_generic_room_4
Temple:   grunt_temple_mini_profane

Skill      XL: |  1  2  3  4 |
---------------+-------------+-----
Fighting       | 1 |  1.7
Short Blades   | 2 3 4 |  4.7
Dodging        | |  2.1
Stealth        | |  3.2
Spellcasting   | |  1.5
Hexes          | |  2.4

Action                   |  1- 3 |  4- 6 || total
-------------------------+-------+-------++-------
Melee: Dagger            |    70 |    15 ||    85
 Cast: Corona            |     2 |       ||     2
       Ensorcelled Hiber |    14 |     5 ||    19
  Use: Potion            |       |     2 ||     2
 Stab: Sleeping          |    11 |     4 ||    15
  Eat: Chunk             |     1 |       ||     1
Armor: Robe              |     8 |       ||     8
Dodge: Dodged            |    42 |    14 ||    56

Table legend:
 A = Non-vault XP
 B = Vault XP
 C = Vault XP percentage of total XP
 D = Non-vault monster count
 E = Vault monster count
 F = Vault count percentage of total count
                 A         B        C        D         E       F
            +---------+---------+-------+---------+---------+-------
      Total |     153 |       0 |   0.0 |      23 |       0 |   0.0
            +---------+---------+-------+---------+---------+-------
        D:1 |       2 |       0 |   0.0 |       1 |       0 |   0.0
        D:2 |      65 |       0 |   0.0 |      17 |       0 |   0.0
        D:3 |       2 |       0 |   0.0 |       1 |       0 |   0.0
        D:4 |      84 |       0 |   0.0 |       4 |       0 |   0.0
            +---------+---------+-------+---------+---------+-------
